[Event "Fredericia WIM 2019"]
[Site "Fredericia"]
[Date "2019.05.30"]
[Round "2.6"]
[White "Keetman, Maaike"]
[Black "Guindy, Esmat Susanne"]
[Result "1/2-1/2"]
[ECO "C05"]
[WhiteElo "2146"]
[BlackElo "2156"]
[Annotator "ChessBase"]
[PlyCount "97"]
[EventDate "2019.05.29"]
[EventType "tourn"]
[EventCountry "DEN"]
[SourceTitle "playchess.com"]
[Source "ChessBase"]
[SourceQuality "1"]
[TimeControl "40/5400+30:1800+30"]

1. e4 e6 2. d4 d5 3. Nd2 Nf6 4. e5 Nfd7 5. f4 c5 6. c3 Nc6 7. Ndf3 cxd4 8. cxd4 a5 9. a4 Qb6 10. g3 f6 11. Bh3 Bb4+ 12. Kf1 f5 13. Kg2 O-O 14. Ne2 Qa6 15. g4 Ne7 16. Ng3 b5 17. gxf5 exf5 18. Rg1 bxa4 19. Kh1 Qh6 20. Ng5 Ra6 21. Qc2 Rc6 22. Qxa4 Nb6 23. Qd1 Qh4 24. Bf1 Rh6 25. Nf3 Qg4 26. Ne4 Rxh2+ 27. Kxh2 Qh5+ 28. Bh3 fxe4 29. Ng5 Qh4 30. Kg2 Bxh3+ 31. Nxh3 Nf5 32. Kh2 Nc4 33. b3 Nce3 34. Bxe3 Nxe3 35. Qe2 Rxf4 36. Qxe3 Rf3 37. Qxf3 exf3 38. Rac1 g6 39. Rc8+ Kf7 40. Rf1 Qg4 41. Rxf3+ Kg7 42. Rc7+ Kg8 43. Rf4 Qe2+ 44. Rf2 Qe3 45. Rc8+ Kg7 46. Rc7+ Kg8 47. Rc8+ Kg7 48. Rc7+ Kg8 49. Rc8+ 1/2-1/2

[Event "Fredericia WIM 2019"]
[Site "Fredericia"]
[Date "2019.05.30"]
[Round "2.7"]
[White "Sucikova, Svetlana"]
[Black "Kanakova, Natalie"]
[Result "0-1"]
[ECO "A22"]
[WhiteElo "2110"]
[BlackElo "2205"]
[Annotator "ChessBase"]
[PlyCount "106"]
[EventDate "2019.05.29"]
[EventType "tourn"]
[EventCountry "DEN"]
[SourceTitle "playchess.com"]
[Source "ChessBase"]
[SourceQuality "1"]
[TimeControl "40/5400+30:1800+30"]

1. c4 e5 2. Nc3 Nf6 3. g3 c6 4. Bg2 d5 5. cxd5 cxd5 6. d4 e4 7. Bg5 Bb4 8. Qb3 Bxc3+ 9. bxc3 Nbd7 10. Nh3 O-O 11. Nf4 h6 12. Bxf6 Nxf6 13. e3 Re8 14. O-O b6 15. Rfc1 Ba6 16. Bf1 Bxf1 17. Kxf1 g5 18. Ne2 Qd7 19. Kg2 Qf5 20. Ng1 h5 21. c4 Re6 22. Rc2 h4 23. cxd5 Nxd5 24. Rac1 Rf6 25. Qb2 Kg7 26. Rc6 h3+ 27. Nxh3 Qf3+ 28. Kg1 Qh5 29. Rxf6 Nxf6 30. Qb5 Kg6 31. Rc6 Rh8 32. f4 Qd1+ 33. Kg2 Qf3+ 34. Kg1 Qd1+ 35. Kg2 Qf3+ 36. Kg1 Qxe3+ 37. Nf2 gxf4 38. Kf1 Qxd4 39. g4 Qa1+ 40. Ke2 Qxa2+ 41. Kf1 Qa1+ 42. Ke2 f3+ 43. Ke3 Qe1+ 44. Kf4 Qd2+ 45. Kg3 Qg5 46. Qxg5+ Kxg5 47. Nh3+ Rxh3+ 48. Kxh3 f2 49. Kg2 Nxg4 50. h3 Ne5 51. Rc7 e3 52. Rxa7 Nf3 53. Rxf7 e2 0-1

[Event "Fredericia WIM 2019"]
[Site "Fredericia"]
[Date "2019.05.30"]
[Round "2.8"]
[White "Sahl, Sheila Barth"]
[Black "Nilssen, Ellen Fredericia"]
[Result "1-0"]
[ECO "A45"]
[WhiteElo "2127"]
[BlackElo "2129"]
[Annotator "ChessBase"]
[PlyCount "71"]
[EventDate "2019.05.29"]
[EventType "tourn"]
[EventCountry "DEN"]
[SourceTitle "playchess.com"]
[Source "ChessBase"]
[SourceQuality "1"]
[TimeControl "40/5400+30:1800+30"]

1. d4 Nf6 2. Bf4 d5 3. e3 g6 4. Nc3 Bg7 5. h4 c5 6. Nb5 Na6 7. c3 Bd7 8. a4 c4 9. Be2 Qb6 10. h5 Bxb5 11. axb5 Qxb5 12. Qc2 Qc6 13. h6 Bf8 14. Nf3 Nd7 15. e4 Rc8 16. Ne5 Nxe5 17. Bxe5 f6 18. exd5 Qxd5 19. Bf3 Qd7 20. Bg3 Nb8 21. Bxb8 Rxb8 22. Rxa7 e6 23. Qe2 Bd6 24. Qxc4 O-O 25. O-O Rfc8 26. Qb3 Rc7 27. Re1 Kf7 28. Rxe6 Qxe6 29. Bd5 Re8 30. g3 Rce7 31. Bxe6+ Rxe6 32. Rxb7+ Kg8 33. Rg7+ Kh8 34. Qb7 Be7 35. Qd7 Re1+ 36. Kg2 1-0

[Event "Fredericia WIM 2019"]
[Site "Fredericia"]
[Date "2019.05.30"]
[Round "2.9"]
[White "Kakulidis, Ellen"]
[Black "Mayrhuber, Nikola"]
[Result "1/2-1/2"]
[ECO "A45"]
[WhiteElo "2014"]
[BlackElo "1985"]
[Annotator "NA"]
[PlyCount "79"]
[EventDate "2019.05.29"]
[EventType "tourn"]
[EventCountry "DEN"]
[SourceTitle "playchess.com"]
[Source "ChessBase"]
[SourceQuality "1"]
[TimeControl "40/5400+30:1800+30"]

1. d4 Nf6 2. g3 d5 3. Nf3 e6 4. Bg2 b5 5. O-O Be7 6. Ne5 Nfd7 7. Nxd7 Nxd7 8. a4 b4 9. c4 bxc3 10. Nxc3 Ba6 11. Re1 Rb8 12. e4 c6 13. h4 O-O 14. exd5 cxd5 15. Nb5 Bf6 16. Bf4 Rb7 17. Bf1 Qa5 18. b4 Qxb4 19. Bd6 Qa5 20. Bxf8 Nxf8 21. Qg4 Bxb5 22. axb5 Qb4 23. Red1 Ng6 24. Rac1 Ne7 25. Qf4 h6 26. Rb1 Qa4 27. Ra1 Qb4 28. Qd2 Qd6 29. Ra6 Qb8 30. Qb4 Nf5 31. Qc3 g6 32. Rc6 Kg7 33. Rd2 h5 34. Rc8 Qd6 35. Rc6 Qb8 36. Rd1 Nd6 37. Ra1 Nxb5 38. Bxb5 Rxb5 39. Rc8 Qb6 40. Qa3 1/2-1/2

[Event "Fredericia WIM 2019"]
[Site "Fredericia"]
[Date "2019.05.30"]
[Round "3.1"]
[White "Sorensen, Hampus"]
[Black "Ahlander, IM Björn"]
[Result "1-0"]
[ECO "D30"]
[WhiteElo "2343"]
[BlackElo "2421"]
[Annotator "ChessBase"]
[PlyCount "73"]
[EventDate "2019.05.29"]
[EventType "tourn"]
[EventCountry "DEN"]
[SourceTitle "playchess.com"]
[Source "ChessBase"]
[SourceQuality "1"]
[TimeControl "40/5400+30:1800+30"]

1. d4 Nf6 2. c4 e6 3. Nf3 d5 4. Bg5 Be7 5. e3 h6 6. Bxf6 Bxf6 7. Qc2 c5 8. cxd5 cxd4 9. Bb5+ Bd7 10. dxe6 Bxb5 11. exf7+ Kd7 12. Qf5+ Kc6 13. a4 Ba6 14. Na3 Qd5 15. Nxd4+ Bxd4 16. Rc1+ Bc5 17. f8=Q Rxf8 18. Qxf8 Kb6 19. a5+ Kc6 20. b4 Nd7 21. Qxa8 Qxg2 22. Rxc5+ Kd6 23. Qd8 Qxh1+ 24. Kd2 Qf3 25. Nc2 Qxf2+ 26. Kc1 Bb5 27. Qc7+ Ke7 28. Qxb7 Bd3 29. Kb2 Qxh2 30. Kb3 Qd2 31. Nd4 Qf2 32. Nc2 Qd2 33. Nd4 Qd1+ 34. Kc3 a6 35. Re5+ Kf8 36. Qc8+ Kf7 37. Qe8+ 1-0

[Event "Fredericia WIM 2019"]
[Site "Fredericia"]
[Date "2019.05.30"]
[Round "3.6"]
[White "Mayrhuber, Nikola"]
[Black "Sahl, Sheila Barth"]
[Result "0-1"]
[ECO "D80"]
[WhiteElo "1985"]
[BlackElo "2127"]
[Annotator "ChessBase"]
[PlyCount "38"]
[EventDate "2019.05.29"]
[EventType "tourn"]
[EventCountry "DEN"]
[SourceTitle "playchess.com"]
[Source "ChessBase"]
[SourceQuality "1"]
[TimeControl "40/5400+30:1800+30"]

1. d4 Nf6 2. c4 g6 3. Nc3 d5 4. Bg5 Bg7 5. e3 c5 6. cxd5 Nxd5 7. Bb5+ Nc6 8. Qa4 O-O 9. Bxc6 bxc6 10. Nge2 cxd4 11. exd4 Nxc3 12. bxc3 Qd5 13. Be3 Qxg2 14. Rg1 Qe4 15. Ng3 Qd3 16. Qxc6 Rb8 17. Rc1 Rb1 18. Ne2 Ba6 19. Qf3 Rxc1+ 0-1

[Event "Fredericia WIM 2019"]
[Site "Fredericia"]
[Date "2019.05.30"]
[Round "3.7"]
[White "Kanakova, Natalie"]
[Black "Kakulidis, Ellen"]
[Result "1-0"]
[ECO "A06"]
[WhiteElo "2205"]
[BlackElo "2014"]
[Annotator "ChessBase"]
[PlyCount "81"]
[EventDate "2019.05.29"]
[EventType "tourn"]
[EventCountry "DEN"]
[SourceTitle "playchess.com"]
[Source "ChessBase"]
[SourceQuality "1"]
[TimeControl "40/5400+30:1800+30"]

1. Nf3 d5 2. e3 e6 3. c4 Nf6 4. b3 Bd6 5. Bb2 b6 6. Nc3 a6 7. g3 O-O 8. Bg2 Bb7 9. O-O Nbd7 10. Qe2 Re8 11. d4 Rc8 12. Rfd1 Qe7 13. Nd2 c5 14. dxc5 Nxc5 15. b4 Ncd7 16. a3 Ne5 17. cxd5 exd5 18. Nb3 Nc4 19. Nd4 Nxb2 20. Qxb2 g6 21. Qb3 Qe5 22. Nde2 Be7 23. Rd4 b5 24. Rad1 Rc4 25. Nxd5 Nxd5 26. Bxd5 Bxd5 27. Rxd5 Qe4 28. R5d4 Rxd4 29. Rxd4 Qc6 30. Qd3 Bf8 31. Rd7 Qf6 32. Nf4 Rc8 33. Qd5 Rc1+ 34. Kg2 Rc3 35. e4 Rxa3 36. e5 Qf5 37. Rd8 Qg5 38. Qd6 Qh6 39. e6 fxe6 40. Nxe6 Rf3 41. Kxf3 1-0

[Event "Fredericia WIM 2019"]
[Site "Fredericia"]
[Date "2019.05.30"]
[Round "3.8"]
[White "Guindy, Esmat Susanne"]
[Black "Sucikova, Svetlana"]
[Result "0-1"]
[ECO "D51"]
[WhiteElo "2156"]
[BlackElo "2110"]
[Annotator "ChessBase"]
[PlyCount "62"]
[EventDate "2019.05.29"]
[EventType "tourn"]
[EventCountry "DEN"]
[SourceTitle "playchess.com"]
[Source "ChessBase"]
[SourceQuality "1"]
[TimeControl "40/5400+30:1800+30"]

1. d4 d5 2. c4 e6 3. Nc3 Nf6 4. Bg5 c6 5. e3 Nbd7 6. cxd5 exd5 7. Bd3 Be7 8. Qc2 O-O 9. Nge2 Re8 10. h3 Nf8 11. g4 Qa5 12. O-O-O b5 13. Rdg1 Ba6 14. Bxf6 Bxf6 15. g5 Be7 16. Nf4 Bd6 17. Bxh7+ Kh8 18. Nh5 b4 19. Nb1 Qxa2 20. b3 Qa1 21. Qf5 Ne6 22. g6 Nxd4 23. exd4 Re2 24. gxf7 Qb2+ 25. Kd1 Qxd4+ 26. Kc1 Qb2+ 27. Kd1 Qxb3+ 28. Kc1 Qb2+ 29. Kd1 Bb5 30. Qc2 Rxc2 31. Bxc2 b3 0-1

[Event "Fredericia WIM 2019"]
[Site "Fredericia"]
[Date "2019.05.30"]
[Round "3.9"]
[White "Kubicka, Anna"]
[Black "Keetman, Maaike"]
[Result "1-0"]
[ECO "E32"]
[WhiteElo "2142"]
[BlackElo "2146"]
[Annotator "ChessBase"]
[PlyCount "165"]
[EventDate "2019.05.29"]
[EventType "tourn"]
[EventCountry "DEN"]
[SourceTitle "playchess.com"]
[Source "ChessBase"]
[SourceQuality "1"]
[TimeControl "40/5400+30:1800+30"]

1. d4 Nf6 2. c4 e6 3. Nc3 Bb4 4. Qc2 b6 5. a3 Bxc3+ 6. Qxc3 Bb7 7. Bg5 h6 8. Bh4 g5 9. Bg3 Ne4 10. Qc2 d6 11. e3 Nd7 12. f3 Nxg3 13. hxg3 f5 14. g4 Qf6 15. gxf5 exf5 16. Bd3 Rf8 17. Ne2 Qe6 18. O-O-O O-O-O 19. Kb1 g4 20. Ng3 gxf3 21. Nxf5 fxg2 22. Rxh6 Rf6 23. d5 Qe5 24. Rxf6 Qxf6 25. Qxg2 Ne5 26. Nd4 Qh6 27. Qe4 Rg8 28. Rh1 Qf6 29. Qh7 Re8 30. Nb5 Qf7 31. Qxf7 Nxf7 32. Rh7 a6 33. Nxc7 Rxe3 34. Rxf7 Rxd3 35. Ne8 Kb8 36. Nxd6 Ba8 37. Rf8+ Kc7 38. Rxa8 Kxd6 39. Rxa6 Kc5 40. Ra4 b5 41. cxb5 Kxb5 42. Rb4+ Ka5 43. Kc2 Rxd5 44. Rc4 Kb5 45. Rc3 Rd4 46. Kb3 Rh4 47. Rg3 Rf4 48. a4+ Ka5 49. Rg5+ Ka6 50. Rc5 Rf2 51. Ka3 Rf1 52. Kb4 Rf4+ 53. Rc4 Rf5 54. Rc6+ Kb7 55. Rc5 Rf2 56. b3 Rf3 57. a5 Ka6 58. Rc6+ Kb7 59. Rb6+ Kc7 60. Ka4 Rf4+ 61. b4 Rf5 62. Rb5 Rf1 63. Rc5+ Kb7 64. Kb5 Rb1 65. a6+ Ka7 66. Rc7+ Kb8 67. Rh7 Rb2 68. Ka5 Rb1 69. b5 Rg1 70. Rd7 Rg6 71. Rb7+ Ka8 72. Rb6 Rg1 73. Rc6 Rg5 74. Kb6 Rg8 75. Rc5 Rb8+ 76. Ka5 Ka7 77. b6+ Ka8 78. b7+ Ka7 79. Rc8 Rxc8 80. bxc8=B Kb8 81. Kb6 Ka8 82. Bb7+ Kb8 83. a7# 1-0

[Event "Fredericia WIM 2019"]
[Site "Fredericia"]
[Date "2019.05.30"]
[Round "3.10"]
[White "Nilssen, Ellen Fredericia"]
[Black "Stolberg-Rohr, Thomine"]
[Result "1-0"]
[ECO "E46"]
[WhiteElo "2129"]
[BlackElo "2025"]
[Annotator "ChessBase"]
[PlyCount "123"]
[EventDate "2019.05.29"]
[EventType "tourn"]
[EventCountry "DEN"]
[SourceTitle "playchess.com"]
[Source "ChessBase"]
[SourceQuality "1"]
[TimeControl "40/5400+30:1800+30"]

1. d4 Nf6 2. c4 e6 3. Nc3 Bb4 4. e3 O-O 5. Nge2 d5 6. a3 Be7 7. Ng3 Nbd7 8. cxd5 exd5 9. b4 Re8 10. Bd3 a5 11. Rb1 axb4 12. axb4 Nb6 13. O-O Be6 14. Qb3 Qd7 15. Nge2 Bf5 16. Bxf5 Qxf5 17. Ng3 Qd7 18. Rd1 Bd6 19. Nf1 h5 20. Bd2 h4 21. h3 Qf5 22. Nb5 Ne4 23. Be1 Nc4 24. f3 Ng5 25. Nxd6 cxd6 26. Qd3 Qf6 27. Rdc1 Ra2 28. Ra1 Nxf3+ 29. gxf3 Qg5+ 30. Bg3 Rb2 31. f4 Qh5 32. Bf2 Qf3 33. Rc2 Qxh3 34. Rxb2 Qg4+ 35. Kh2 Nxb2 36. Qc2 Nc4 37. Qd1 Qf5 38. Qf3 Qc2 39. Kh1 Qc3 40. Re1 Qxb4 41. f5 Re4 42. f6 g6 43. Nh2 Nd2 44. Qh3 Qb5 45. Bxh4 Re6 46. Ng4 Qd3 47. Nf2 Qf5 48. Qxf5 gxf5 49. Rg1+ Kf8 50. Bg5 Nf3 51. Bh6+ Ke8 52. Rg8+ Kd7 53. Bg7 Rxe3 54. Rf8 Nxd4 55. Rxf7+ Kc6 56. Rf8 Ne6 57. Re8 Re1+ 58. Kh2 Nxg7 59. Rxe1 Nh5 60. Re8 Ng7 61. Re1 Nh5 62. f7 1-0

[Event "Fredericia WIM 2019"]
[Site "Fredericia"]
[Date "2019.05.31"]
[Round "4.10"]
[White "Keetman, Maaike"]
[Black "Nilssen, Ellen Fredericia"]
[Result "0-1"]
[ECO "C09"]
[WhiteElo "2146"]
[BlackElo "2025"]
[Annotator "RC"]
[PlyCount "118"]
[EventDate "2019.05.29"]
[EventType "tourn"]
[EventCountry "DEN"]
[SourceTitle "playchess.com"]
[Source "ChessBase"]
[SourceQuality "1"]
[TimeControl "40/5400+30:1800+30"]

1. e4 e6 2. d4 d5 3. Nd2 c5 4. Ngf3 Nc6 5. exd5 exd5 6. Bb5 cxd4 7. O-O Bd6 8. Re1+ Nge7 9. Nxd4 O-O 10. N2f3 Bg4 11. Be2 Re8 12. Bg5 h6 13. Bh4 Qb6 14. Nxc6 bxc6 15. Qd4 Bxf3 16. Qxb6 axb6 17. Bxf3 Nf5 18. Rxe8+ Rxe8 19. Bg3 Bxg3 20. hxg3 Nd4 21. Rc1 Re2 22. Kf1 Rxc2 23. Rxc2 Nxc2 24. a3 Nd4 25. Ke1 Kf8 26. Bd1 Ke7 27. Kd2 Kd6 28. Kd3 Ne6 29. Bg4 c5 30. Bf3 c4+ 31. Kc3 Kc5 32. Bg4 Nd4 33. Bd1 f6 34. Bh5 Nf5 35. b4+ cxb3 36. Kxb3 Nd6 37. g4 Ne4 38. f3 Nd2+ 39. Kc3 Nc4 40. a4 d4+ 41. Kb3 Ne3 42. g3 Nf1 43. Kc2 Nxg3 44. Be8 Ne2 45. Kd3 Nc1+ 46. Kc2 Na2 47. Kb3 Nb4 48. Bg6 Nc6 49. Bf5 Ne5 50. Be4 Nf7 51. Bb7 Nd6 52. Ba6 f5 53. Bd3 fxg4 54. fxg4 Nf7 55. Bf5 Ne5 56. Be6 g6 57. Bc8 h5 58. gxh5 gxh5 59. Bf5 Ng4 0-1

[Event "Fredericia WIM 2019"]
[Site "Fredericia"]
[Date "2019.05.31"]
[Round "5.6"]
[White "Kanakova, Natalie"]
[Black "Sahl, Sheila Barth"]
[Result "1-0"]
[ECO "A36"]
[WhiteElo "2205"]
[BlackElo "2127"]
[Annotator "ChessBase"]
[PlyCount "95"]
[EventDate "2019.05.29"]
[EventType "tourn"]
[EventCountry "DEN"]
[SourceTitle "playchess.com"]
[Source "ChessBase"]
[SourceQuality "1"]
[TimeControl "40/5400+30:1800+30"]

1. c4 c5 2. Nc3 Nc6 3. g3 Nf6 4. Bg2 e5 5. Nf3 Be7 6. O-O O-O 7. Ne1 Rb8 8. Nc2 Nd4 9. Ne3 b5 10. d3 h6 11. b3 d6 12. Bb2 Be6 13. Qd2 Qd7 14. Ned5 Nxd5 15. Nxd5 Bd8 16. e3 Nc6 17. f4 Bh3 18. Rf2 Bxg2 19. Rxg2 Re8 20. Rf1 Ba5 21. Qe2 Nb4 22. Nc3 a6 23. Ba1 f5 24. g4 Rf8 25. g5 Qe6 26. a3 Nc6 27. Nd5 hxg5 28. Rxg5 Bd8 29. Rg3 bxc4 30. bxc4 Ne7 31. Qg2 Rf7 32. Kh1 Nxd5 33. cxd5 Qe8 34. Rg1 Bf6 35. Rg6 Kf8 36. Qh3 Rb3 37. Qxf5 Rxa3 38. Qh5 Rb3 39. Qh7 Qb5 40. fxe5 dxe5 41. Bxe5 Qd7 42. d6 Qb7+ 43. e4 Ke8 44. Qg8+ Rf8 45. Qe6+ Kd8 46. Bxf6+ gxf6 47. Rg8 Qc8 48. Rxf8# 1-0

[Event "Fredericia WIM 2019"]
[Site "Fredericia"]
[Date "2019.05.31"]
[Round "5.7"]
[White "Nilssen, Ellen Fredericia"]
[Black "Sucikova, Svetlana"]
[Result "1/2-1/2"]
[ECO "A40"]
[WhiteElo "2129"]
[BlackElo "2110"]
[Annotator "ChessBase"]
[PlyCount "66"]
[EventDate "2019.05.29"]
[EventType "tourn"]
[EventCountry "DEN"]
[SourceTitle "playchess.com"]
[Source "ChessBase"]
[SourceQuality "1"]
[TimeControl "40/5400+30:1800+30"]

1. d4 g6 2. c4 Bg7 3. e4 d6 4. Be2 Nd7 5. Nc3 e6 6. Nf3 a6 7. Be3 Ne7 8. Qd2 h6 9. O-O g5 10. Ne1 Ng6 11. Bh5 Nf6 12. Bxg6 fxg6 13. h3 O-O 14. Nd3 Kh7 15. f3 Bd7 16. c5 Qe7 17. b4 Bc6 18. a4 Rfd8 19. cxd6 cxd6 20. b5 Bd7 21. bxa6 bxa6 22. a5 Rdb8 23. Rab1 Qd8 24. Qa2 Ng8 25. Qa3 Be8 26. d5 Qf6 27. Ne2 exd5 28. exd5 Qe7 29. Nf2 Bb5 30. Rfe1 Bxe2 31. Rxb8 Rxb8 32. Rxe2 Rb1+ 33. Kh2 Qe5+ 1/2-1/2

[Event "Fredericia WIM 2019"]
[Site "Fredericia"]
[Date "2019.05.31"]
[Round "5.8"]
[White "Kubicka, Anna"]
[Black "Kakulidis, Ellen"]
[Result "1/2-1/2"]
[ECO "D31"]
[WhiteElo "2142"]
[BlackElo "2014"]
[Annotator "ChessBase"]
[PlyCount "43"]
[EventDate "2019.05.29"]
[EventType "tourn"]
[EventCountry "DEN"]
[SourceTitle "playchess.com"]
[Source "ChessBase"]
[SourceQuality "1"]
[TimeControl "40/5400+30:1800+30"]

1. d4 d5 2. c4 e6 3. Nc3 Be7 4. Qc2 c6 5. cxd5 exd5 6. Nf3 Nf6 7. Bg5 g6 8. e3 Bf5 9. Bd3 Bxd3 10. Qxd3 O-O 11. h4 Nbd7 12. O-O-O b5 13. h5 Ne4 14. Bxe7 Qxe7 15. Qc2 Rac8 16. Kb1 Nd6 17. hxg6 fxg6 18. Ne2 Ne4 19. Nc3 Nd6 20. Ne2 Ne4 21. Nc3 Nd6 22. Ne2 1/2-1/2

[Event "Fredericia WIM 2019"]
[Site "Fredericia"]
[Date "2019.05.31"]
[Round "5.9"]
[White "Guindy, Esmat Susanne"]
[Black "Mayrhuber, Nikola"]
[Result "1/2-1/2"]
[ECO "A14"]
[WhiteElo "2156"]
[BlackElo "1985"]
[Annotator "ChessBase"]
[PlyCount "106"]
[EventDate "2019.05.29"]
[EventType "tourn"]
[EventCountry "DEN"]
[SourceTitle "playchess.com"]
[Source "ChessBase"]
[SourceQuality "1"]
[TimeControl "40/5400+30:1800+30"]

1. c4 e6 2. g3 d5 3. Bg2 Nf6 4. Nf3 Be7 5. O-O O-O 6. e3 b6 7. cxd5 Nxd5 8. Nc3 Bb7 9. d4 Nxc3 10. bxc3 c5 11. Re1 Be4 12. a4 Nc6 13. Ba3 Na5 14. Nd2 Bxg2 15. Kxg2 Rc8 16. e4 cxd4 17. Bxe7 Qxe7 18. cxd4 Qd7 19. Nf3 Rfd8 20. Ra2 h6 21. Ree2 Rc3 22. Ne5 Qc7 23. Nf3 Qc4 24. Ne5 Qb4 25. Nf3 Rd6 26. Rab2 Qa3 27. Ra2 Qb4 28. Rab2 Qc4 29. Ne5 Qc7 30. Rec2 Rxd4 31. Qxd4 Rxc2 32. Rxc2 Qxc2 33. Qd8+ Kh7 34. Qd4 Nc6 35. Nxc6 Qxc6 36. f3 a6 37. e5 Qc2+ 38. Kf1 b5 39. axb5 axb5 40. h4 Qb1+ 41. Ke2 b4 42. h5 Qa2+ 43. Ke3 Qa5 44. f4 Kg8 45. Qd6 Qa7+ 46. Ke2 Qa2+ 47. Ke3 Qb3+ 48. Kf2 Qc2+ 49. Ke3 Qc1+ 50. Ke2 Qb2+ 51. Qd2 Qa3 52. Qd8+ Kh7 53. Qd3+ Kg8 1/2-1/2

[Event "Fredericia WIM 2019"]
[Site "Fredericia"]
[Date "2019.05.31"]
[Round "5.10"]
[White "Stolberg-Rohr, Thomine"]
[Black "Keetman, Maaike"]
[Result "0-1"]
[ECO "C15"]
[WhiteElo "2025"]
[BlackElo "2146"]
[Annotator "ChessBase"]
[PlyCount "74"]
[EventDate "2019.05.29"]
[EventType "tourn"]
[EventCountry "DEN"]
[SourceTitle "playchess.com"]
[Source "ChessBase"]
[SourceQuality "1"]
[TimeControl "40/5400+30:1800+30"]

1. e4 e6 2. d4 d5 3. Nc3 Bb4 4. exd5 exd5 5. Bd3 Nf6 6. Nge2 O-O 7. O-O Re8 8. Bg5 Be7 9. Ng3 h6 10. Bf4 c6 11. Qd2 Be6 12. Nd1 Bf8 13. Ne3 g6 14. Be5 c5 15. dxc5 Bxc5 16. Bb5 Nc6 17. Bxf6 Qxf6 18. Nxd5 Bxd5 19. Qxd5 Re5 20. Qc4 Nd4 21. Ne4 Qf4 22. Ng3 a6 23. Qa4 Rd8 24. Qa5 b6 25. Qxa6 Nxb5 26. Qxb5 Bxf2+ 27. Rxf2 Qxf2+ 28. Kxf2 Rxb5 29. a3 Rd2+ 30. Kf3 Rxc2 31. Ne4 Rf5+ 32. Ke3 Rxb2 33. Nd6 Rff2 34. a4 Rxg2 35. Rf1 Rb3+ 36. Ke4 Re2+ 37. Kd5 Rd3+ 0-1

[Event "Fredericia WIM 2019"]
[Site "Fredericia"]
[Date "2019.06.01"]
[Round "6.6"]
[White "Kanakova, Natalie"]
[Black "Guindy, Esmat Susanne"]
[Result "1/2-1/2"]
[ECO "D00"]
[WhiteElo "2205"]
[BlackElo "2156"]
[Annotator "ChessBase"]
[PlyCount "72"]
[EventDate "2019.05.29"]
[EventType "tourn"]
[EventCountry "DEN"]
[SourceTitle "playchess.com"]
[Source "ChessBase"]
[SourceQuality "1"]
[TimeControl "40/5400+30:1800+30"]

1. d4 d5 2. Bf4 Nf6 3. e3 c6 4. c4 e6 5. Nc3 Bd6 6. Bg3 Bxg3 7. hxg3 Nbd7 8. Nf3 Qe7 9. Qc2 b6 10. g4 Nxg4 11. Rxh7 Rxh7 12. Qxh7 Qf8 13. Qc2 Bb7 14. O-O-O Ngf6 15. Kb1 O-O-O 16. cxd5 exd5 17. Qa4 Kb8 18. Rc1 Rc8 19. Bd3 Qe7 20. Qc2 g6 21. a3 c5 22. dxc5 Nxc5 23. Nd4 Nce4 24. Ka2 Nxc3+ 25. bxc3 Ne8 26. Qa4 Nd6 27. Nb5 Nxb5 28. Qxb5 Qf6 29. Qb2 Rc5 30. Rc2 Bc6 31. Qb4 Kb7 32. Qd4 Qe7 33. Rb2 Bd7 34. g3 Be6 35. Rb5 Qc7 36. Kb2 a6 1/2-1/2

[Event "Fredericia WIM 2019"]
[Site "Fredericia"]
[Date "2019.06.01"]
[Round "6.7"]
[White "Sahl, Sheila Barth"]
[Black "Keetman, Maaike"]
[Result "0-1"]
[ECO "C16"]
[WhiteElo "2127"]
[BlackElo "2146"]
[Annotator "ChessBase"]
[PlyCount "74"]
[EventDate "2019.05.29"]
[EventType "tourn"]
[EventCountry "DEN"]
[SourceTitle "playchess.com"]
[Source "ChessBase"]
[SourceQuality "1"]
[TimeControl "40/5400+30:1800+30"]

1. e4 e6 2. d4 d5 3. Nc3 Bb4 4. e5 Ne7 5. a3 Bxc3+ 6. bxc3 b6 7. Qg4 Ng6 8. h4 h5 9. Qg5 Qxg5 10. hxg5 Ba6 11. Bxa6 Nxa6 12. a4 c5 13. Ne2 Kd7 14. Ng3 h4 15. Ne2 Rac8 16. a5 b5 17. Rb1 Rb8 18. dxc5 Nxc5 19. Be3 Rhc8 20. f3 a6 21. Bd4 Nb7 22. Bb6 Rc4 23. Kd2 Rbc8 24. Ra1 Nd8 25. Raf1 Nc6 26. f4 Nce7 27. Rf3 Nf5 28. Rc1 Re4 29. Nd4 Ng3 30. Nb3 Re2+ 31. Kd3 Rxg2 32. Nc5+ Ke7 33. Nxa6 h3 34. Bf2 Ne4 35. Ke2 Nh4 36. Rxh3 Rxf2+ 37. Ke1 Ng2+ 0-1

[Event "Fredericia WIM 2019"]
[Site "Fredericia"]
[Date "2019.06.01"]
[Round "6.8"]
[White "Sucikova, Svetlana"]
[Black "Stolberg-Rohr, Thomine"]
[Result "1-0"]
[ECO "A00"]
[WhiteElo "2110"]
[BlackElo "2025"]
[Annotator "ChessBase"]
[PlyCount "67"]
[EventDate "2019.05.29"]
[EventType "tourn"]
[EventCountry "DEN"]
[SourceTitle "playchess.com"]
[Source "ChessBase"]
[SourceQuality "1"]
[TimeControl "40/5400+30:1800+30"]

1. e3 g6 2. c4 c5 3. Nc3 Bg7 4. Nf3 Nc6 5. Be2 e6 6. d4 cxd4 7. exd4 d5 8. cxd5 exd5 9. Qb3 Nge7 10. Bf4 O-O 11. Rd1 Nf5 12. Nb5 Qa5+ 13. Qc3 Be6 14. O-O a6 15. Qxa5 Nxa5 16. Nc7 Rac8 17. g4 Ne7 18. h3 Nac6 19. Rfe1 h6 20. Bf1 Kh7 21. Bg2 Ng8 22. Bh2 Nf6 23. Re3 Ne4 24. Rb3 Na5 25. Rb6 Bf6 26. b4 Rxc7 27. Bxc7 Rc8 28. Rxe6 Rxc7 29. Rxf6 Nc4 30. Rf4 Nc3 31. Re1 Nxa2 32. Ne5 Nxb4 33. Rxf7+ Rxf7 34. Nxf7 1-0

[Event "Fredericia WIM 2019"]
[Site "Fredericia"]
[Date "2019.06.01"]
[Round "6.9"]
[White "Mayrhuber, Nikola"]
[Black "Kubicka, Anna"]
[Result "0-1"]
[ECO "A57"]
[WhiteElo "1985"]
[BlackElo "2142"]
[Annotator "ChessBase"]
[PlyCount "156"]
[EventDate "2019.05.29"]
[EventType "tourn"]
[EventCountry "DEN"]
[SourceTitle "playchess.com"]
[Source "ChessBase"]
[SourceQuality "1"]
[TimeControl "40/5400+30:1800+30"]

1. d4 Nf6 2. c4 c5 3. d5 b5 4. Nf3 g6 5. Qc2 bxc4 6. e4 d6 7. Bxc4 Bg7 8. O-O O-O 9. h3 Ba6 10. Nbd2 Nfd7 11. Rb1 Nb6 12. b3 Bxc4 13. Nxc4 Na6 14. a3 Nxc4 15. Qxc4 Qa5 16. b4 Qa4 17. Bg5 cxb4 18. axb4 Rfc8 19. Qb3 Qd7 20. Qd3 Nc7 21. Nd4 Bxd4 22. Qxd4 Nb5 23. Qe3 Rc3 24. Qe2 Rac8 25. Rfc1 Qb7 26. Bd2 Nd4 27. Qd1 Rxc1 28. Rxc1 Rxc1 29. Bxc1 Qxb4 30. Be3 Nb5 31. Qg4 f5 32. Qe2 a6 33. exf5 Qb1+ 34. Kh2 Qxf5 35. Qa2 Nc7 36. Qa5 Ne8 37. Qxa6 Qxd5 38. Qc8 Kf7 39. Qg4 Nf6 40. Qh4 Qe4 41. Qh6 Qe5+ 42. Kg1 Qh5 43. Qf4 Qf5 44. Qh6 Kg8 45. Bd4 e5 46. Ba7 Qf4 47. Qxf4 exf4 48. Bb8 Ne8 49. g3 fxg3 50. fxg3 Kf7 51. Kf2 Ke6 52. Ke3 Ke5 53. Ba7 Nc7 54. Bd4+ Kf5 55. Kf3 Nd5 56. g4+ Ke6 57. Ke4 g5 58. Kf3 Nf6 59. h4 gxh4 60. g5 Nh5 61. Kg4 Ng3 62. Bg1 Nf5 63. Kh5 d5 64. Kg4 d4 65. Bxd4 Nxd4 66. Kxh4 Kf5 67. Kg3 Kxg5 68. Kf2 Kg4 69. Kg2 h5 70. Kh2 Nf3+ 71. Kh1 Ne1 72. Kh2 Kh4 73. Kg1 Kg3 74. Kh1 h4 75. Kg1 Nd3 76. Kh1 h3 77. Kg1 h2+ 78. Kh1 Nf2# 0-1

[Event "Fredericia WIM 2019"]
[Site "Fredericia"]
[Date "2019.06.01"]
[Round "6.10"]
[White "Kakulidis, Ellen"]
[Black "Nilssen, Ellen Fredericia"]
[Result "1/2-1/2"]
[ECO "A05"]
[WhiteElo "2014"]
[BlackElo "2129"]
[Annotator "ChessBase"]
[PlyCount "50"]
[EventDate "2019.05.29"]
[EventType "tourn"]
[EventCountry "DEN"]
[SourceTitle "playchess.com"]
[Source "ChessBase"]
[SourceQuality "1"]
[TimeControl "40/5400+30:1800+30"]

1. Nf3 Nf6 2. c4 g6 3. Nc3 d5 4. cxd5 Nxd5 5. e4 Nxc3 6. dxc3 Qxd1+ 7. Kxd1 Bg7 8. Bf4 c6 9. Kc2 Nd7 10. Bc4 b5 11. Bb3 Nc5 12. Nd2 O-O 13. Be3 Nxb3 14. axb3 a5 15. Bb6 a4 16. bxa4 bxa4 17. Bc5 Re8 18. Ra3 Bh6 19. Rha1 Ra5 20. Be3 Bxe3 21. fxe3 Rh5 22. Rh1 Ra5 23. Rha1 Rh5 24. Rh1 Ra5 25. Rha1 Rh5 1/2-1/2